 Dungeon Crawl Stone Soup version 0.30-a0-715-gdb4ae3ece1 (console) character file.

Game seed: 1973543795406877087

7761 jejorda2 the Impaler (level 11, 0/124 HPs)
             Began as a Merfolk Berserker on Jan 24, 2023.
             Was a High Priest of Trog.
             Succumbed to a hornet's poison
             ... on level 10 of the Dungeon.
             The game lasted 00:20:20 (9101 turns).

jejorda2 the Impaler (Merfolk Berserker)            Turns: 9101, Time: 00:20:21

Health: 0/124      AC: 20    Str: 21    XL:     11   Next: 20%
Magic:  11/11      EV: 11    Int:  8    God:    Trog [*****.]
Gold:   546        SH:  0    Dex: 19    Spells: 10/10 levels left

rFire   . . .      SeeInvis .    a - +1 glaive (freeze)
rCold   . . .      Faith    .    (shield currently unavailable)
rNeg    . . .      Spirit   .    y - +0 chain mail
rPois   .          Reflect  .    C - +2 hat
rElec   .          Harm     .    B - scarf {repulsion}
rCorr   .          Rampage  .    h - +2 pair of gloves
Will    .....                    j - +0 pair of boots Stlth
                                 (no amulet)
HPRegen 0.40/turn                f - +6 ring of dexterity
MPRegen 0.12/turn                l - +4 ring of protection

@: berserking (expiring), lethally poisoned (0 -> -6), slowed, repel missiles
A: (nimble swimmer 2), mertail
a: Renounce Religion, Berserk, Trog's Hand, Brothers in Arms


You were on level 10 of the Dungeon.
You worshipped Trog.
Trog was extremely pleased with you.
You visited 1 branch of the dungeon, and saw 10 of its levels.

You collected 611 gold pieces.
You spent 65 gold pieces at shops.

Inventory:

Hand Weapons
 a - a +1 glaive of freezing (weapon)
 b - a +5 trident
 I - a +3 halberd
Missiles
 i - 103 stones (quivered)
 n - 48 poisoned darts
 p - a throwing net
 D - a curare-tipped dart
 E - 3 javelins
 F - 2 boomerangs
Armour
 h - a +2 pair of gloves (worn)
 j - a +0 pair of boots (worn)
 y - a +0 chain mail (worn)
 B - a scarf of repulsion (worn)
 C - a +2 hat (worn)
Jewellery
 f - a +6 ring of dexterity (left hand)
 l - a +4 ring of protection (right hand)
Wands
 t - a wand of iceblast (18)
 u - a wand of light (22)
 z - a wand of digging (2)
 H - a wand of mindburst (6)
Scrolls
 c - 3 scrolls of enchant weapon
 g - 2 scrolls of fear
 o - a scroll of silence
 s - 5 scrolls of teleportation
 A - 2 scrolls of enchant armour
 G - a scroll of magic mapping
Potions
 d - 9 potions of curing
 e - 5 potions of heal wounds
 k - a potion of lignification
 m - 5 potions of might
 q - a potion of haste
 r - 2 potions of cancellation
 v - 2 potions of mutation
 w - 3 potions of attraction
 x - a potion of resistance


   Skills:
 + Level 6.4 Fighting
 + Level 15.7 Polearms
 * Level 2.6 Throwing
 - Level 6.0 Armour
 - Level 6.0 Dodging
 - Level 6.0 Evocations


You had 10 spell levels left.
You didn't know any spells.
Your spell library was empty.

Dungeon Overview and Level Annotations

Branches:
Dungeon (10/15)            Temple (0/1) D:4            Lair (0/5) D:8
    Orc: D:9-12

Altars:
Cheibriados
Elyvilon
Fedhas
Gozag
Okawaru
Ru
Sif Muna
Wu Jian
Zin
The Shining One

Shops:
D:5 !   D:9 (

Annotations:
D:8 4 transporters


Innate Abilities, Weirdness & Mutations

((You are very nimble when in or above water. (Stealth+, EV+, Speed+++)))
Your lower body shifts to a powerful aquatic tail in water.


Message History

You feel very sick.
The hornet stings you but does no damage.
The hornet completely misses you. The hornet stings you!
* * * LOW HITPOINT WARNING * * *
You feel as though you will be slow longer.
You slash the hornet! You freeze the hornet.
You kill the hornet!
Trog accepts your kill.
You feel very sick.
The hornet stings you but does no damage.
The hornet stings you.
* * * LOW HITPOINT WARNING * * *
You suddenly lose the ability to move!
You feel very sick. The hornet stings you.
* * * LOW HITPOINT WARNING * * *
You are lethally poisoned!
You feel as though you will be slow longer.
You can move again.
You slash the hornet! You freeze the hornet.
The hornet is heavily wounded.
* * * LOW HITPOINT WARNING * * *
You feel very sick.
The hornet stings you but does no damage. x2
You hit the hornet. You freeze the hornet.
The hornet is severely wounded.
* * * LOW HITPOINT WARNING * * *
You feel very sick.
The hornet stings you but does no damage.
You slice the hornet!! You freeze the hornet.
You feel the power of Trog in you as your rage grows.
You kill the hornet!
Trog accepts your kill.
* * * LOW HITPOINT WARNING * * *
You feel sick.
* * * LOW HITPOINT WARNING * * *
You feel very sick.
You are too berserk!
You feel a strong urge to attack something.
You die...

♣♣.♣♣≈~≈≈≈≈♣
♣≈≈.#
♣♣..~~~~≈♣♣ ###
###.....#♣
~...#.......+
....#^.#....#♣
#(.^..^......≈♣
#..^.#.†#....≈♣
#~^.>#.....♣♣♣♣
#### ###..@♣
♣♣♣♣≈♣ ♣♣


There were no monsters in sight!

Vanquished Creatures
  A two-headed ogre (D:9)
  Joseph (D:9)
  Maggie (D:10)
  A komodo dragon (D:10)
  A troll (D:9)
  2 hornets (D:10)
  A shadow (D:10)
  A wyvern (D:7)
  A wraith (D:10)
  Grum (D:10)
  An acid dragon (D:9)
  4 water moccasins
  An orc warrior (D:6)
  4 ice beasts
  5 sky beasts
  2 wolves (D:10)
  2 centaurs
  A phantom (D:4)
  5 kobold brigands
  8 bullfrogs
  3 necrophages
  4 gnoll sergeants (D:5)
  2 scorpions
  12 wights
  4 howler monkeys
  3 gnoll boudas
  5 orc priests
  6 hounds (D:5)
  A jelly (D:6)
  2 iguanas
  3 orc wizards
  25 gnolls
  12 adders
  A white imp (D:5)
  An ufetubus (D:6)
  A worm (D:4)
  3 dart slugs
  31 orcs
  13 ball pythons
  3 bats
  11 endoplasms
  2 giant cockroaches
  4 goblins
  8 hobgoblins
  5 jackals
  2 quokkas
  2 frilled lizards
  45 kobolds
  7 rats
265 creatures vanquished.

Vanquished Creatures (others)
  29 fungi (D:8)
  53 plants
82 creatures vanquished.

Grand Total: 347 creatures vanquished

Notes
Turn   | Place    | Note
-------+----------+-------------------------------------------
     0 | D:1      | jejorda2 the Merfolk Berserker began the quest for the Orb.
     0 | D:1      | Reached XP level 1. HP: 18/18 MP: 1/1
   295 | D:1      | Reached XP level 2. HP: 19/24 MP: 2/2
   504 | D:1      | You fall into a shaft and drop 1 floor!
  1065 | D:2      | Reached XP level 3. HP: 29/29 MP: 3/3
  1188 | D:2      | Reached skill level 5 in Polearms
  1255 | D:2      | Found a faded altar of an unknown god.
  1562 | D:3      | Reached XP level 4. HP: 37/37 MP: 4/4
  1566 | D:3      | Reached ** piety under Trog
  1825 | D:3      | Reached XP level 5. HP: 37/42 MP: 5/5
  1834 | D:3      | Reached skill level 6 in Polearms
  2310 | D:3      | Found a white marble altar of Elyvilon.
  2459 | D:4      | Found a staircase to the Ecumenical Temple.
  2524 | D:4      | Reached XP level 6. HP: 48/49 MP: 6/6
  2530 | D:4      | Reached skill level 7 in Polearms
  2622 | D:4      | Found an ornate altar of the Wu Jian Council.
  2867 | D:4      | Reached skill level 5 in Dodging
  3336 | D:5      | Entered Level 5 of the Dungeon
  3336 | D:5      | Noticed an ice beast
  3350 | D:4      | Killed an ice beast
  3351 | D:4      | Reached skill level 5 in Fighting
  3351 | D:4      | Reached XP level 7. HP: 49/56 MP: 7/7
  3389 | D:5      | Reached skill level 8 in Polearms
  3663 | D:5      | Reached *** piety under Trog
  3713 | D:5      | Reached skill level 9 in Polearms
  3713 | D:5      | Reached XP level 8. HP: 64/64 MP: 8/8
  3893 | D:5      | Reached skill level 10 in Polearms
  4144 | D:5      | Found an opulent altar of Gozag.
  4174 | D:5      | Found a glowing silver altar of Zin.
  4257 | D:5      | Reached skill level 11 in Polearms
  4403 | D:5      | Found Jiusao's Distillery.
  4407 | D:5      | Bought a potion of heal wounds for 65 gold pieces
  4754 | D:6      | Reached XP level 9. HP: 69/69 MP: 9/9
  4888 | D:6      | Reached skill level 12 in Polearms
  5202 | D:6      | Reached skill level 1 in Evocations
  5333 | D:6      | Reached **** piety under Trog
  5823 | D:7      | Found a sacrificial altar of Ru.
  5850 | D:7      | Found a blossoming altar of Fedhas.
  5851 | D:7      | Found an iron altar of Okawaru.
  5854 | D:7      | Found a snail-covered altar of Cheibriados.
  6007 | D:7      | Reached skill level 13 in Polearms
  6611 | D:8      | Found a transporter.
  6630 | D:8      | Reached XP level 10. HP: 68/76 MP: 10/10
  6667 | D:8      | Found a transporter.
  6912 | D:8      | Reached skill level 14 in Polearms
  6921 | D:8      | Reached ***** piety under Trog
  7109 | D:8      | Reached skill level 5 in Armour
  7138 | D:8      | Found a staircase to the Lair.
  7174 | D:8      | Found a transporter.
  7183 | D:8      | Found a shimmering blue altar of Sif Muna.
  7324 | D:8      | Found a transporter.
  7511 | D:9      | Noticed a two-headed ogre
  7517 | D:9      | Killed a two-headed ogre
  7953 | D:9      | Reached skill level 15 in Polearms
  7955 | D:9      | Found Ceidaps's Weapon Shoppe.
  8040 | D:9      | Reached skill level 5 in Evocations
  8140 | D:9      | Noticed Joseph
  8153 | D:9      | Killed Joseph
  8443 | D:9      | Found a glowing golden altar of the Shining One.
  8482 | D:10     | Entered Level 10 of the Dungeon
  8550 | D:10     | Noticed Grum
  8561 | D:10     | Killed Grum
  8566 | D:10     | Reached XP level 11. HP: 81/81 MP: 11/11
  8797 | D:10     | Reached skill level 1 in Throwing
  8914 | D:10     | Noticed Maggie
  8925 | D:10     | Killed Maggie
  9087 | D:10     | Paralysed by a hornet for 3 turns
  9095 | D:10     | Paralysed by a hornet for 1 turns
  9098 | D:10     | HP: 6/123 [poisoned by a hornet]
  9100 | D:10     | HP: 1/124 [poisoned by a hornet]
  9101 | D:10     | Succumbed to a hornet's poison

Illustrated notes

Levels and vault maps discovered:
D:1:      eino_arrival_druids_welcome, layout_basic
D:2:      layout_basic, hellmonk_ecumenical_altar_slurped_away
D:3:      layout_rooms, mainiacjoe_overflow_brackets,
          dreamdust_princess_corridor, roderic_lattice_a,
          kennysheep_generic_room_4
D:4:      layout_loops_ring, mainiacjoe_overflow_surrounded_room,
          minmay_temple_entry_grid, kennysheep_another_room, dk_noncrumbling_3,
          kennysheep_windowed_goal
D:5:      layout_cave_pools, pdpol_temple_overflow_zin_treasury_gozag_greed,
          serial_gnoll_camp, gnoll_camp_huts_basic, gnoll_camp_mini_house,
          gnoll_camp_mini_shop, gnoll_camp_mini_basic, gnoll_camp_mini_hut,
          minmay_stone_trees_small
D:6:      kennysheep_kobold_camp, layout_basic
D:7:      lemuel_ice_spiral_2, layout_basic, minitemple
D:8:      layout_basic, mainiacjoe_overflow_paths, due_lair_maze_entry_diamond,
          nicolae_transporter_intersection
D:9:      layout_roguey, overflow_temple_1_default, serial_shops, shop,
          uniq_joseph
D:10:     layout_cave_pools, introduction_to_nature_2, uniq_grum, uniq_maggie

Skill      XL: |  1  2  3  4  5  6  7  8  9 10 11 |
---------------+----------------------------------+-----
Dodging        | 3 4 5 6 |  6.0
Polearms       | 5 6 7 9 11 13 15 | 15.7
Fighting       | 4 5 6 |  6.4
Armour         | 3 4 6 |  6.0
Evocations     | 3 5 6 |  6.0
Throwing       | 2 |  2.6

Action                     |  1- 3 |  4- 6 |  7- 9 | 10-12 || total
---------------------------+-------+-------+-------+-------++-------
  Melee: Spear             |   115 |    53 |       |       ||   168
         Halberd           |       |   114 |   374 |   228 ||   716
         Glaive            |       |       |       |    33 ||    33
  Throw: Stone             |       |       |    18 |     7 ||    25
 Invoke: Berserk           |     1 |       |     4 |     6 ||    11
         Trog's Hand       |       |     2 |     1 |     1 ||     4
  Evoke: Wand              |       |       |     1 |       ||     1
    Use: Scroll            |       |       |    15 |     5 ||    20
   Stab: Sleeping          |     4 |     1 |       |       ||     5
 Armour: Animal skin       |     2 |       |       |       ||     2
         Leather armour    |     6 |       |       |       ||     6
         Ring mail         |       |    21 |       |       ||    21
         Chain mail        |       |    23 |   190 |   109 ||   322
  Dodge: Dodged            |    45 |    62 |   142 |   104 ||   353
         Repelled          |       |       |       |     1 ||     1

Table legend: (Time is in decaauts)
 A = Elapsed time spent in this place.
 B = Non-inter-level travel time spent in this place.
 C = Inter-level travel time spent in this place.
 D = Time resting spent in this place.
 E = Time spent auto-exploring this place.
 F = Levels seen in this place.
 G = Mean time per level.
                   A        B        C        D        E       F      G
               +--------+--------+--------+--------+--------+-----+--------+
         Total |   9088 |   8439 |    649 |    392 |   6307 |  10 |  908.8 |
       Dungeon |   9088 |   8439 |    649 |    392 |   6307 |  10 |  908.8 |
               +--------+--------+--------+--------+--------+-----+--------+

Top non-repeatable levels by time:
     D:4: 1319 daAuts
     D:8: 1082 daAuts
     D:6: 1054 daAuts
     D:1: 1040 daAuts
     D:9: 1040 daAuts
     D:3: 939 daAuts
     D:5: 891 daAuts
     D:7: 639 daAuts
    D:10: 558 daAuts
     D:2: 522 daAuts
